AoeStats
← TTAITAI

Nomad

509642126Analyzed
4v4 RM · 4d ago on Sep 27, 2026· 46m 56s· 8 players
Game mode
Random Map
Map size
231×231
Population
200
Speed
Normal
Resources
Standard
Victory
Conquest
Starting age
Dark Age
Ending age
Imperial Age
RankedLock teamsTeams togetherTeam positionsShared explorationLock speedFull tech treeHidden civsTurbo modeCheats
Victory
Defeat
🇹🇼 Persians · Taiwan
1153
+15
🇨🇳 Ethiopians · China
1153
+15
🇨🇳 Franks · China
1148
+15
🇨🇳 Romans · China
1127
+16
🇳🇱 Teutons · Netherlands
1139
-16
🇩🇪 Inca · Germany
1138
-16
🇺🇸 Persians · United States
1134
-15
🇫🇷 Britons · France
1107
-14
littlestewey
4:35 Loom
13:55 Feudal Age
18:57 Castle Age
16:46 Fishing Lines
17:02 Double-Bit Axe
20:10 Gillnets
22:03 Wheelbarrow
22:06 Bow Saw
22:17 Stone Mining
26:46 Gold Mining
27:09 Bloodlines
34:25 Imperial Age
33:40 Hand Cart
33:21 Horse Collar
34:25 Heavy Plow
34:34 Husbandry
34:46 Forging
34:41 Scale Barding Armor
35:28 Cavalier
36:46 Iron Casting
36:59 Conscription
38:07 Gold Shaft Mining
37:23 Crossbowman
39:31 Thumb Ring
43:13 Kamandaran
42:37 Savar
44:20 Blast Furnace
43:40 Chain Barding Armor
43:59 Crop Rotation
44:52 Fletching
45:03 Padded Archer Armor
Lasse07027776
6:46 Loom
17:20 Feudal Age
21:15 Castle Age
21:38 Wheelbarrow
35:16 Andean Sling
35:17 Horse Collar
35:30 Double-Bit Axe
47:58 Imperial Age
45:29 Pikeman
46:09 Squires
46:07 Elite Skirmisher
AdKa
7:06 Loom
13:31 Feudal Age
16:09 Town Watch
18:36 Wheelbarrow
19:06 Fishing Lines
22:58 Castle Age
24:10 Fletching
35:36 Pikeman
42:14 Wheelbarrow
41:27 Double-Bit Axe
43:11 Horse Collar
45:05 Hand Cart
44:57 Heavy Plow
Besoin Dead
6:15 Loom
14:06 Feudal Age
18:48 Castle Age
17:09 Double-Bit Axe
17:11 Horse Collar
21:34 Wheelbarrow
24:05 Town Watch
26:41 Bow Saw
27:12 Heavy Plow
28:00 Hand Cart
29:47 Gold Mining
32:18 Forging
32:10 Scale Mail Armor
31:33 Man-at-Arms
31:59 Gambesons
32:15 Squires
32:01 Arson
35:09 Imperial Age
33:15 Chain Mail Armor
33:37 Iron Casting
32:26 Long Swordsman
34:15 Gold Shaft Mining
34:14 Treadmill Crane
35:15 Two-Handed Swordsman
36:57 Blast Furnace
36:30 Plate Mail Armor
36:43 Conscription
36:14 Champion
36:54 Pikeman
37:48 Fletching
38:22 Ballistics
37:29 Halberdier
38:31 Bodkin Arrow
40:08 Chemistry
42:11 Two-Man Saw
44:17 Yeomen
44:00 Padded Archer Armor
46:06 Bracer
46:06 Murder Holes
帝国种田大户
14:37 Feudal Age
20:14 Castle Age
18:54 Double-Bit Axe
18:45 Man-at-Arms
20:20 Long Swordsman
24:22 Scale Mail Armor
30:49 Pikeman
40:45 Fishing Lines
41:42 Bow Saw
42:36 Wheelbarrow
47:04 Imperial Age
47:28 Chain Mail Armor
TTAITAI
4:58 Loom
12:32 Feudal Age
12:56 Double-Bit Axe
19:27 Castle Age
18:04 Gold Mining
18:18 Stone Mining
19:08 Scale Barding Armor
19:14 Forging
20:35 Chain Barding Armor
20:40 Bow Saw
20:54 Husbandry
21:05 Bloodlines
21:54 Bloodlines
23:29 Wheelbarrow
24:15 Iron Casting
23:38 Horse Collar
27:05 Heavy Plow
28:25 Hand Cart
34:52 Imperial Age
32:12 Town Watch
33:39 Town Patrol
34:34 Cavalier
36:18 Two-Man Saw
35:53 Crop Rotation
36:44 Plate Barding Armor
37:30 Blast Furnace
37:05 Savar
38:50 Conscription
棒棒糖
6:17 Loom
15:02 Feudal Age
19:36 Castle Age
17:59 Double-Bit Axe
26:32 Wheelbarrow
28:47 Bow Saw
30:04 Gold Mining
30:05 Stone Mining
32:39 Husbandry
34:06 Gold Shaft Mining
33:40 Scale Barding Armor
33:49 Forging
36:34 Imperial Age
33:48 Treadmill Crane
34:30 Ballistics
34:49 Chain Barding Armor
37:38 Iron Casting
37:37 Conscription
37:18 Chivalry
36:39 Ordonnance Companies
36:42 Cavalier
38:38 Plate Barding Armor
40:23 Blast Furnace
40:45 Hoardings
40:15 Paladin
41:17 Arrowslits
41:28 Murder Holes
42:34 Chemistry
43:22 Town Watch
43:54 Hand Cart
diudiudiu丶
3:59 Loom
15:42 Feudal Age
17:22 Double-Bit Axe
20:03 Castle Age
18:10 Gold Mining
18:01 Horse Collar
19:43 Wheelbarrow
19:00 Fletching
19:11 Padded Archer Armor
19:46 Padded Archer Armor
20:37 Crossbowman
21:49 Bow Saw
22:20 Ballistics
28:01 Hand Cart
28:33 Light Cavalry
30:52 Thumb Ring
38:30 Gold Shaft Mining
42:08 Imperial Age
40:26 Bodkin Arrow
40:47 Leather Archer Armor
40:43 Squires
40:29 Arson
40:53 Stone Mining
42:46 Stone Shaft Mining
42:10 Arbalester
42:53 Bracer
43:24 Ring Archer Armor
46:26 Conscription
Connection lost

Rejoining the realm…

Still unreachable

The connection could not be restored.

Session expired

The server has moved on; the page needs a fresh start.